 Dungeon Crawl Stone Soup version 0.27-a0-385-g3208abaabc (webtiles) character file.

Game seed: 17994548298302181359

2263 tilp the Insei (level 9, 0/59 HPs)
             Began as an Octopode Transmuter on Feb 18, 2021.
             Was a Follower of Ru.
             Slain by an orc warrior
             ... wielding a +0 dire flail
              (17 damage)
             ... on level 7 of the Dungeon.
             The game lasted 00:15:56 (9342 turns).

tilp the Insei (Octopode Transmuter)                Turns: 9342, Time: 00:15:57

Health: 0/59       AC:  1    Str: 10    XL:     9   Next: 38%
Magic:  15/15      EV: 13    Int: 18    God:    Ru [*.....]
Gold:   322        SH:  4    Dex: 12    Spells: 4/16 levels left

rFire    . . .     SeeInvis .     - Unarmed
rCold    + . .     Faith    .   z - +0 buckler
rNeg     . . .     Spirit   .   (helmet currently unavailable)
rPois    .         Reflect  .   (no amulet)
rElec    .         Harm     .   t - ring of protection from cold
rCorr    .         Rampage  .   (no ring)
Will     .....                  (no ring)
Stlth    +++.......             (no ring)
HPRegen  0.19/turn              (no ring)
MPRegen  0.14/turn              (no ring)
                                (no ring)
                                (no ring)

@: appendages
A: almost no armour, stealthy swim, amphibious, 8 rings, constrict 8, tentacle
spike 3, camouflage 1, gelatinous body 1, hated by all
a: End Transformation, Renounce Religion


You were on level 7 of the Dungeon.
You worshipped Ru.
Ru was aware of your devotion.
One of your tentacles had a temporary spike.
You visited 1 branch of the dungeon, and saw 7 of its levels.

You collected 388 gold pieces.
You spent 66 gold pieces at shops.

Inventory:

Missiles
 g - 20 poisoned darts (quivered)
 v - 5 boomerangs
 x - 2 javelins
 C - 5 boomerangs of dispersal
 E - a throwing net {!f}
Armour
 f - a +0 kite shield
 z - a +0 buckler (worn)
Jewellery
 t - a ring of protection from cold (left tentacle)
Wands
 c - a wand of polymorph (10)
 l - a wand of digging (6)
 p - a wand of mindburst (4)
 w - a wand of paralysis (6)
Scrolls
 b - 11 scrolls of teleportation
 i - a scroll of immolation {unknown}
 n - 3 scrolls of fear
 o - a scroll of blinking
 r - 3 scrolls of enchant weapon
 s - 3 scrolls of amnesia
 y - 3 scrolls of magic mapping
Potions
 a - 2 potions of mutation
 d - a potion of cancellation
 e - a potion of lignification {unknown}
 h - 2 potions of haste
 j - 5 potions of curing
 k - a potion of might {unknown}
 m - a potion of heal wounds
 q - a potion of flight {unknown}
 u - 2 potions of berserk rage
 A - 2 potions of degeneration {unknown}
 B - 2 potions of brilliance {unknown}
 D - a potion of magic {unknown}
 F - a potion of attraction {unknown}


   Skills:
 + Level 4.5 Fighting
 + Level 2.9 Dodging
 - Level 4.0 Stealth
 + Level 2.9 Shields
 * Level 6.8 Unarmed Combat
 - Level 4.0 Spellcasting
 - Level 6.0 Transmutations
 - Level 2.0 Poison Magic
 - Level 4.0 Evocations


You had 4 spell levels left.
You knew the following spells:

 Your Spells              Type           Power        Failure   Level
a - Beastly Appendage     Tmut           50%          1%          1
b - Wereblood             Tmut           25%          1%          2
c - Spider Form           Tmut/Pois      9%           10%         3
d - Ice Form              Ice/Tmut       14%          43%         4
e - Apportation           Tloc           6%           16%         1
f - Corona                Hex            3%           16%         1

Your spell library contained the following spells:

 Spells                   Type           Power        Failure   Level
 Blade Hands              Tmut           12%          36%         5
 Animate Skeleton         Necr           Unusable     N/A         1
 Summon Small Mammal      Summ           Unusable     N/A         1

Dungeon Overview and Level Annotations

Branches:
Dungeon (7/15)             Temple (0/1) D:5

Altars:
Ashenzari
Nemelex Xobeh
Qazlal
Ru
Trog
Uskayaw
Zin

Shops:
D:5 ?

Annotations:
D:5 dig vault


Innate Abilities, Weirdness & Mutations

You cannot wear most types of armour.
You are very stealthy in the water. (Stealth+)
You are amphibious.
You can wear up to eight rings at the same time.
You can use your tentacles to constrict eight enemies at once.
Your skin changes colour to match your surroundings (Stealth+).
Your rubbery body absorbs attacks. (AC +1, EV +1)
You are hated by all.
One of your tentacles bears a large vicious spike.


Message History

You constrict the orc warrior, but do no damage.
You bludgeon the orc warrior!
You pierce the orc warrior.
The orc warrior is moderately wounded.
You constrict the orc warrior. The orc warrior barely misses you.
You tentacle-slap the orc warrior.
You pierce the orc warrior.
The orc warrior is heavily wounded.
You constrict the orc warrior, but do no damage.
You block the orc warrior's attack.
You tentacle-slap the orc warrior but do no damage.
The orc warrior is heavily wounded.
You constrict the orc warrior, but do no damage.
The orc warrior closely misses you.
You tentacle-slap the orc warrior but do no damage.
The orc warrior is heavily wounded.
You constrict the orc warrior, but do no damage.
You tentacle-slap the orc warrior.
You pierce the orc warrior, but do no damage.
The orc warrior is heavily wounded.
You constrict the orc warrior.
The orc warrior hits you with a +0 dire flail!
You tentacle-slap the orc warrior but do no damage.
The orc warrior is severely wounded.
You constrict the orc warrior, but do no damage.
You block the orc warrior's attack.
You tentacle-slap the orc warrior.
You pierce the orc warrior, but do no damage.
The orc warrior is severely wounded.
You constrict the orc warrior. You block the orc warrior's attack.
You tentacle-slap the orc warrior but do no damage.
You pierce the orc warrior, but do no damage.
The orc warrior is severely wounded.
You constrict the orc warrior.
The orc warrior hits you with a +0 dire flail!
* * * LOW HITPOINT WARNING * * *
You tentacle-slap the orc warrior but do no damage.
You pierce the orc warrior, but do no damage.
The orc warrior is severely wounded.
You constrict the orc warrior, but do no damage.
The orc warrior hits you with a +0 dire flail!
You die...

#* *####** ######.###.#.#.##.....
***,,,,,*** #.....#...#.##..###
♣*,,,,,,,,,***#♣♣♣♣.#.##...#..###
,,,,,,≈,,,,,,,,*♣...#............
**,,,,,,,,,***#♣♣♣♣.#..#...#.###.
***,,,,,*** #.....#†###.##.# #.
#########** ###.###.# ####.###.
♣♣........,***♣.♣.♣.#.# #.....
..♣♣♣♣.♣♣♣♣,,**♣@♣.♣#.## ##.###.
♣♣♣...≈...♣*♣..o♣.♣.#).####...##.
..♣♣♣♣.♣♣♣♣..♣♣♣.♣.♣#..'....(....
♣♣.........♣**♣.♣.♣.#.†##.#...##.
#####...#############.###.##.###.
......................# #.######.
########..###.......### #.# #....
##.# ######'## #.# #.##. #.# #.#
#.# #.##.


You could see an orc warrior.

Vanquished Creatures
  A hornet (D:7)
  A steam dragon (D:7)
  Eustachio (D:5)
  2 orc warriors (D:7)
  2 ice beasts
  A necrophage (D:5)
  3 ogres
  A centaur (D:5)
  A bullfrog (D:7)
  A scorpion (D:4)
  A howler monkey (D:7)
  4 hounds
  3 jellies (D:7)
  2 orc priests (D:7)
  A bullfrog skeleton (D:4)
  A centaur skeleton (D:7)
  Jessica (D:2)
  5 orc wizards
  An iguana (D:7)
  5 worker ants
  A hound zombie (D:7)
  A hound skeleton (D:6)
  8 gnolls
  An adder (D:2)
  2 shadow imps
  A white imp (D:5)
  An ufetubus (D:6)
  2 adder zombies
  An ooze (D:2)
  5 worms
  8 leopard geckos
  24 orcs
  9 bats
  4 giant cockroaches
  6 goblins
  6 hobgoblins
  6 jackals
  7 kobolds
  5 quokkas
  A frilled lizard (D:1)
  2 quokka zombies
  5 rats
144 creatures vanquished.

Vanquished Creatures (others)
  16 plants (D:7)
16 creatures vanquished.

Grand Total: 160 creatures vanquished

Notes
Turn   | Place    | Note
-------+----------+-------------------------------------------
     0 | D:1      | tilp the Octopode Transmuter began the quest for the Orb.
     0 | D:1      | Reached XP level 1. HP: 13/13 MP: 3/3
    39 | D:1      | Reached skill level 1 in Stealth
   248 | D:1      | Reached XP level 2. HP: 18/18 MP: 3/5
   256 | D:1      | Learned a level 2 spell: Wereblood
   711 | D:1      | Reached XP level 3. HP: 20/23 MP: 0/6
  1492 | D:2      | Noticed Jessica
  1495 | D:2      | Reached XP level 4. HP: 24/28 MP: 1/7
  1502 | D:2      | Killed Jessica
  1850 | D:2      | Found a sparkling altar of Nemelex Xobeh.
  1934 | D:2      | Reached XP level 5. HP: 28/34 MP: 6/8
  2858 | D:3      | Learned a level 4 spell: Ice Form
  3104 | D:4      | Noticed an ogre
  3167 | D:4      | You fall into a shaft and drop 3 floors!
  3182 | D:7      | Reached skill level 5 in Unarmed Combat
  3182 | D:7      | Reached XP level 6. HP: 38/41 MP: 6/9
  3184 | D:7      | Learned a level 1 spell: Corona
  3301 | D:7      | Noticed an orc warrior
  3302 | D:7      | Killed an orc warrior
  3736 | D:5      | Entered Level 5 of the Dungeon
  3843 | D:4      | Reached XP level 7. HP: 47/47 MP: 8/10
  3960 | D:4      | Reached skill level 1 in Evocations
  4387 | D:4      | Found a sacrificial altar of Ru.
  4403 | D:4      | Became a worshipper of Ru the Awakened
  4751 | D:4      | Found a hide-covered altar of Uskayaw.
  4751 | D:4      | Found a stormy altar of Qazlal.
  4943 | D:4      | Learned a level 3 spell: Spider Form
  5036 | D:5      | Found Bing's Magic Scroll Boutique.
  5059 | D:5      | Bought a scroll of magic mapping for 42 gold pieces
  5059 | D:5      | Bought a scroll of identify for 24 gold pieces
  5138 | D:5      | Found a bloodstained altar of Trog.
  5644 | D:5      | Noticed Eustachio
  5727 | D:5      | Reached XP level 8. HP: 42/54 MP: 9/11
  5811 | D:5      | Reached skill level 1 in Shields
  6076 | D:5      | Learned a level 1 spell: Apportation
  6396 | D:5      | Killed Eustachio
  6397 | D:5      | Reached skill level 1 in Poison Magic
  6498 | D:5      | Gained mutation: You are hated by all. [Ru sacrifice]
  6498 | D:5      | Reached * piety under Ru
  6512 | D:5      | Found a staircase to the Ecumenical Temple.
  6852 | D:6      | Found a glowing silver altar of Zin.
  6858 | D:6      | Found a broken altar of Ashenzari.
  7480 | D:6      | Learned a level 4 spell: Ice Form
  7696 | D:7      | Reached skill level 5 in Transmutations
  7869 | D:7      | Found a sacrificial altar of Ru.
  8523 | D:7      | Reached XP level 9. HP: 32/58 MP: 15/15
  8826 | D:7      | Noticed a hornet
  8836 | D:7      | Killed a hornet
  9342 | D:7      | Slain by an orc warrior

Illustrated notes

Levels and vault maps discovered:
D:1:      wander_arrival_chamber, layout_basic, dk_noncrumbling_4
D:2:      layout_rooms, nemelex_altar_shiori, uniq_jessica
D:3:      layout_basic
D:4:      layout_basic, nicolae_ru_sacrificial_ziggurat,
          gammafunk_temple_overflow_pools
D:5:      layout_basic, minmay_temple_entry_fiery, serial_glass,
          glass_columns_b, glass_columns_a, glass_columns_b, glass_columns_a,
          glass_columns_a, glass_columns_b, glass_columns_b, glass_columns_a,
          glass_columns_c, glass_columns_b, glass_columns_a, glass_columns_a,
          glass_columns_b, glass_columns_a, feat_on_display,
          due_unseen_surprise, minmay_strange_pillars, minmay_strange_pillars,
          serial_shops, shop, trog_butcher_becter, uniq_eustachio
D:6:      layout_loops_cross, amethyst_overflow_temple_binary,
          kennysheep_small_circle
D:7:      nzn_winding_woodlands_medium [nzn_winding_woodlands_5x5_closed_star,
          nzn_winding_woodlands_5x15_lazy_stream,
          nzn_winding_woodlands_hourglass, nzn_winding_woodlands_5x5_three,
          nzn_winding_woodlands_center_garden,
          nzn_winding_woodlands_5x5_perimeter,
          nzn_winding_woodlands_5x5_checkerboard,
          nzn_winding_woodlands_5x15_eye, nzn_winding_woodlands_5x5_open_star],
          layout_loops_corners, basic_altar

Skill      XL: |  1  2  3  4  5  6  7  8 |
---------------+-------------------------+-----
Stealth        | 2 3 4 |  4.0
Fighting       | 2 3 4 |  4.5
Unarmed Combat | 4 5 6 |  6.8
Evocations     | 4 |  4.0
Transmutations | 4 6 |  6.0
Shields        | 2 |  2.9
Poison Magic   | 2 |  2.0
Spellcasting   | 4 |  4.0
Dodging        | |  2.9

Action                   |  1- 3 |  4- 6 |  7- 9 || total
-------------------------+-------+-------+-------++-------
Melee: Unarmed           |    88 |   101 |   214 ||   403
       Constrict         |    24 |    23 |    48 ||    95
       Punch             |     1 |     5 |     6 ||    12
       Tentacles         |     8 |    12 |    38 ||    58
       Kick              |     2 |    23 |    41 ||    66
Throw: Dart              |     5 |     4 |    28 ||    37
 Cast: Beastly Appendage |     6 |    13 |    24 ||    43
       Wereblood         |     4 |     3 |     5 ||    12
       Corona            |       |     1 |       ||     1
Invok: Sacrifice Love    |       |       |     1 ||     1
Evoke: Wand              |       |     3 |     6 ||     9
  Use: Scroll            |     1 |     7 |     6 ||    14
       Potion            |       |       |     2 ||     2
 Stab: Sleeping          |     8 |     5 |    14 ||    27
       Distracted        |       |       |     2 ||     2
       Paralysed         |       |       |     9 ||     9
Armor: Skin              |     9 |     6 |    11 ||    26
Dodge: Dodged            |    68 |    41 |   101 ||   210
Block: Buckler           |       |       |    18 ||    18

Table legend: (Time is in decaauts)
 A = Elapsed time spent in this place.
 B = Non-inter-level travel time spent in this place.
 C = Inter-level travel time spent in this place.
 D = Time resting spent in this place.
 E = Time spent auto-exploring this place.
 F = Levels seen in this place.
 G = Mean time per level.
                   A        B        C        D        E       F      G
               +--------+--------+--------+--------+--------+-----+--------+
         Total |   9311 |   9049 |    262 |   2312 |   5328 |   7 | 1330.1 |
       Dungeon |   9311 |   9049 |    262 |   2312 |   5328 |   7 | 1330.1 |
               +--------+--------+--------+--------+--------+-----+--------+

Top non-repeatable levels by time:
     D:7: 2388 daAuts
     D:5: 1635 daAuts
     D:1: 1246 daAuts
     D:2: 1224 daAuts
     D:4: 1196 daAuts
     D:6: 958 daAuts
     D:3: 661 daAuts
